 Dungeon Crawl Stone Soup version 0.29.1-12-g30fa7ad0bf (webtiles) character file.

Game seed: 17379734143599146036

26 FexLirch the Digger (level 2, -3/20 HPs)
             Began as a Demigod Earth Elementalist on Dec 26, 2022.
             Slain by an orc
             ... wielding a +0 hand axe
              (4 damage)
             ... on level 3 of the Dungeon.
             The game lasted 00:02:27 (1466 turns).

FexLirch the Digger (Demigod Earth Elementalist)    Turns: 1466, Time: 00:02:28

Health: -3/20      AC:  3    Str: 11    XL:     2   Next: 69%
Magic:  5/7        EV: 12    Int: 17    God:
Gold:   71         SH:  0    Dex: 14    Spells: 3/4 levels left

rFire   . . .      SeeInvis .   p - +6 hand axe "Hellblazer" {speed, Str+2}
rCold   . . .      Faith    .   (no shield)
rNeg    . . .      Spirit   .   a - +0 robe
rPois   .          Reflect  .   (no helmet)
rElec   .          Harm     .   c - scarf {repulsion}
rCorr   .          Rampage  .   j - +0 pair of gloves
Will    .....                   (no boots)
Stlth   ++........              (no amulet)
HPRegen 0.06/turn               (no ring)
MPRegen 0.10/turn               (no ring)

@: repel missiles
A: high MP 1, forlorn, divine attributes
a: no special abilities


You were on level 3 of the Dungeon.
You visited 1 branch of the dungeon, and saw 3 of its levels.

You collected 71 gold pieces.

Inventory:

Hand Weapons
 f - a +0 sling
 p - the +6 hand axe "Hellblazer" (weapon) {speed, Str+2}
   (You took it off a hobgoblin on level 2 of the Dungeon)

   Attacks with this weapon are significantly faster.
   Str:       It affects your strength (+2).
Missiles
 g - 6 boomerangs
Armour
 a - a +0 robe (worn)
 c - a scarf of repulsion (worn)
 j - a +0 pair of gloves (worn)
Jewellery
 n - the ring "Isyog" {rElec rPois rF+ Int-3 Dex+4}
   (You found it on level 2 of the Dungeon)

   [ring of protection from fire]

   Int:       It affects your intelligence (-3).
   Dex:       It affects your dexterity (+4).
   rF:        It protects you from fire.
   rElec:     It insulates you from electricity.
   rPois:     It protects you from poison.
Scrolls
 d - 2 scrolls of identify {unknown}
 e - 2 scrolls of enchant armour {unknown}
 i - a scroll of immolation {unknown}
 l - 2 scrolls of teleportation {unknown}
 o - a scroll of noise {unknown}
Potions
 b - a potion of magic
 h - 3 potions of curing {unknown}
 k - a potion of heal wounds {unknown}
 m - a potion of haste {unknown}


   Skills:
 - Level 1.7 Dodging
 - Level 1.7 Stealth
 - Level 1.7 Spellcasting
 - Level 0.8 Transmutations
 + Level 3.8 Earth Magic


You had 3 spell levels left.
You knew the following spells:

 Your Spells              Type           Power      Damage    Failure   Level
a - Sandblast             Erth           28%        2d8       4%          1

Your spell library contained the following spells:

 Spells                   Type           Power      Damage    Failure   Level
 Passwall                 Tmut/Erth      7%         N/A       12%         2
 Slow                     Hex            4%         N/A       21%         1
 Stone Arrow              Conj/Erth      14%        3d7       26%         3
 Confusing Touch          Hex            1%         N/A       52%         3
 Vampiric Draining        Necr           1%         2d6       52%         3
 Petrify                  Tmut/Erth      9%         N/A       58%         4


Dungeon Overview and Level Annotations

Branches:
Dungeon (3/15)

Shops:
D:1 *


Innate Abilities, Weirdness & Mutations

You have an increased reservoir of magic. (+10% MP)
You shall have no god before yourself.
Your divine heritage dramatically boosts your attributes as you level up.


Message History

* * * LOW HITPOINT WARNING * * *
There is a stone staircase leading down here.
You climb downwards.
There is a stone staircase leading up here.
You start resting.
HP restored.
You climb upwards.
The orc hits you but does no damage. The orc priest closely misses you.
The orc closely misses you.
There is a stone staircase leading down here.
The orc priest invokes the aid of Beogh against you.
Beogh smites you! The orc barely misses you.
You climb downwards.
There is a stone staircase leading up here.
Press: ? - help, v - describe, . - travel A stone staircase leading up.
Unknown command.
Casting: Sandblast (safe; 4% risk of failure)
Confirm with . or Enter, or press ? or * to list all spells.
Aiming: Sandblast (safe; 4% risk of failure)
Press: ? - help, Shift-Dir - straight line, f - orc priest
Aim: an orc priest, wielding a +0 dagger (82% to hit)
The blast of sand hits the orc priest.
The orc priest is lightly wounded.
The orc barely misses you.
The orc priest hits you with a +0 dagger.
* * * LOW HITPOINT WARNING * * *
Casting: Sandblast (safe; 4% risk of failure)
Confirm with . or Enter, or press ? or * to list all spells.
Aiming: Sandblast (safe; 4% risk of failure)
Press: ? - help, Shift-Dir - straight line, f/p - orc priest
Aim: an orc priest, wielding a +0 dagger (lightly wounded, 82% to hit)
The blast of sand hits the orc priest.
The orc priest is moderately wounded.
The orc priest hits you with a +0 dagger.
* * * LOW HITPOINT WARNING * * *
The orc hits you but does no damage.
The orc priest hits you with a +0 dagger.
* * * LOW HITPOINT WARNING * * *
The orc hits you with a +0 hand axe.
You die... ##########.# ......o@o..# ############

You could see an orc priest and an orc.

Vanquished Creatures
  An adder (D:2)
  A worm (D:2)
  3 ball pythons
  A goblin (D:1)
  A hobgoblin (D:2)
  2 kobolds (D:2)
  A quokka (D:2)
  A bat (D:1)
  A frilled lizard (D:2)
  4 rats (D:1)
16 creatures vanquished.

Notes
Turn   | Place    | Note
-------+----------+-------------------------------------------
     0 | D:1      | FexLirch the Demigod Earth Elementalist began the quest for
                  | the Orb.
     0 | D:1      | Reached XP level 1. HP: 14/14 MP: 5/5
    25 | D:1      | Found Tadofiat's Assorted Antiques.
   317 | D:1      | Reached skill level 3 in Earth Magic
   911 | D:2      | Reached XP level 2. HP: 20/20 MP: 2/7
   917 | D:2      | Identified the ring "Isyog" {rElec rPois rF+ Int-3 Dex+4}
  1117 | D:2      | Identified the +6 hand axe "Hellblazer" {speed, Str+2}
  1466 | D:3      | HP: 1/20 [orc priest/+0 dagger (3)]
  1466 | D:3      | Slain by an orc

Illustrated notes

Levels and vault maps discovered:
D:1:      dpeg_arrival_windows_large_door, layout_loops_corners, serial_shops,
          nicolae_square_shop, chequers_ecumenical_altar_simple
D:2:      cheibrodos_pilgrimage, layout_basic
D:3:      minmay_goblin_kobold_castle, layout_loops_cross,
          nicolae_qazlal_eye_of_the_storm, serial_shops, shop_fountains, shop,
          shop, shop_coins, gammafunk_ghost_necromancy, uniq_grinder,
          uniq_sigmund, uniq_terence

Skill      XL: |  1 |
---------------+----+-----
Earth Magic    | 3 |  3.8
Dodging        | |  1.7
Stealth        | |  1.7
Spellcasting   | |  1.7
Transmutations | |  0.8

Action                   || total
-------------------------++-------
Melee: Hand axe          ||     5
 Cast: Sandblast         ||    21
 Stab: Sleeping          ||     1
Armor: Robe              ||     3
Dodge: Dodged            ||    10
